 Dungeon Crawl Stone Soup version 0.21-a0-349-g0c35859 (webtiles) character file.

2142 Hocus the Destroyer (level 9, 55/55 HPs)
             Began as a Deep Elf Wizard on Oct 7, 2017.
             Was a High Priest of Ru.
             Quit the game on level 1 of the Lair of Beasts.
             The game lasted 00:54:28 (12503 turns).

Hocus the Destroyer (Deep Elf Wizard)              Turns: 12503, Time: 00:54:28

Health: 55/55      AC:  8    Str:  4    XL:     9   Next: 9%
Magic:  21/21      EV: 17    Int: 25    God:    Ru [*****.]
Gold:   102        SH:  0    Dex: 15    Spells: 10/21 levels left

rFire    + . .     SeeInvis .   g - +5 dagger (drain)
rCold    + . .     Gourm    +   (no shield)
rNeg     . . .     Faith    .   E - +1 robe
rPois    .         Spirit   .   b - +0 hat
rElec    .         Reflect  .   p - +0 cloak
rCorr    .         Harm     .   j - +0 pair of gloves
MR       .....                  q - +2 pair of boots
Stlth    ..........             v - amulet of the gourmand
HPRegen  0.58/turn              M - ring of protection from cold
MPRegen  0.17/turn              D - ring of protection from fire

@: no status effects
A: claws 1, talons 1, thin skeletal structure 1, dopey 1, regeneration 1, no
stealth, inability to train armour, inexperienced 1, sturdy frame 1
a: Draw Out Power, Power Leap, Apocalypse, Renounce Religion


You were on level 1 of the Lair of Beasts.
You worshipped Ru.
Ru was extremely pleased with you.
You were very full.

You visited 2 branches of the dungeon, and saw 11 of its levels.

You collected 414 gold pieces.
You spent 312 gold pieces at shops.

Inventory:

Hand Weapons
 g - a +5 dagger of draining (weapon)
 L - a +2 scimitar of pain
Armour
 b - a +0 hat (worn)
 j - a +0 pair of gloves (worn)
 p - a +0 cloak (worn)
 q - a +2 pair of boots (worn)
 E - a +1 robe (worn)
Jewellery
 f - an uncursed ring of positive energy
 u - a +1 ring of slaying
 v - an amulet of the gourmand (around neck)
 D - a ring of protection from fire (right hand)
 M - a ring of protection from cold (left hand)
Wands
 o - a wand of scattershot (0/9)
 r - a wand of digging (4/24)
 G - a wand of disintegration (0/24)
 H - a wand of disintegration (0/24)
Scrolls
 e - 2 scrolls of teleportation
 k - a scroll of random uselessness {unknown}
 l - 3 scrolls of remove curse
 m - a scroll of enchant armour {unknown}
 n - a scroll of recharging {unknown}
 w - a scroll of magic mapping
 y - a scroll of amnesia
 B - 4 scrolls of blinking
 I - a scroll of holy word {unknown}
 K - a scroll of identify
Potions
 a - a potion of brilliance
 h - 2 potions of agility
 s - a potion of haste
 x - a potion of flight
 z - 4 potions of might
 A - 2 potions of ambrosia
Books
 c - a book of Minor Magic

   Spells                             Type                      Level
   a - Magic Dart                     Conjuration                  1
   b - Blink                          Translocation                2
   c - Call Imp                       Summoning                    2
   d - Slow                           Hexes                        2
   e - Conjure Flame                  Conjuration/Fire             3
   f - Mephitic Cloud                 Conjuration/Poison/Air       3
Comestibles
 d - 3 bread rations
 i - 8 meat rations
 t - 3 royal jellies
 J - 4 fruits


   Skills:
 + Level 5.9 Fighting
 + Level 9.0 Short Blades
 - Level 8.0 Dodging
   Level 0.0 Stealth
 - Level 6.8 Spellcasting
 + Level 9.8 Conjurations
 - Level 1.1 Summonings
 - Level 5.2 Translocations


You had 10 spell levels left.
You knew the following spells:

 Your Spells              Type           Power        Failure   Level  Hunger
a - Magic Dart            Conj           ####         1%          1    None
b - Blink                 Tloc           N/A          1%          2    None
c - Call Imp              Summ           ##......     6%          2    None
d - Conjure Flame         Conj/Fire      ####....     2%          3    None
e - Mephitic Cloud        Conj/Pois/Air  ###.....     5%          3    None


Dungeon Overview and Level Annotations

Branches:
Dungeon (10/15)            Temple (0/1) D:4            Lair (1/6) D:9
    Orc: D:9-12

Altars:
Ashenzari
Dithmenos
Elyvilon
Gozag
Kikubaaqudgha
Nemelex Xobeh
Okawaru
Ru
Sif Muna
Uskayaw
Vehumet
Xom
Yredelemnul
The Shining One

Shops:
D:6 ?   D:8 [

Annotations:
D:9 bombasticus's ghost, novice MiBe


Innate Abilities, Weirdness & Mutations

You are dopey. (Int -2)
You cannot be stealthy.
You cannot train Armour skill.
You are somewhat inexperienced. (-2 XL)
You have sharp fingernails.
You have sharp toenails.
You have a somewhat thin skeletal structure. (Dex +2, Stealth)
Your natural rate of healing is unusually fast.
Your movements are slightly less encumbered by armour. (ER -2)


Message History

The wolf misses you.
You hit the wolf. You drain the wolf!
You kill the wolf!
No target in view!
Ru believes you are ready to make a new sacrifice.
Okay, then.
Ru asks you to sacrifice your experiences.
This is an incredible sacrifice.
Piety after sacrifice: *****.
Do you really want to make this sacrifice?
You feel less experienced.
You are now level 10!
You are now level 9!
You can now heal your body and restore your magic.
You can now gather your power into a mighty leap.
You can now wreak a terrible wrath on your foes.
Okay, then.
Found a hunting sling.
A crocodile comes into view.
Quiver which item? (- for none, * to show all) (? for menu, Esc to quit)
Okay, then.
Are you sure you want to abandon this character and quit the game? (Confirm with "yes".)

......#...##
..........#
.#......##
### ###....#
##.###
#...##
#....###...#
#.........##
##.........#
#.##...@...#
########...#
#..## #
#..P# ####
)..... ....
...t... ....
....... ....
..####. ####
#


You could see a crocodile.

Vanquished Creatures
  2 two-headed ogres
  Joseph (D:7)
  A black mamba (Lair:1)
  The ghost of RedSky the Slasher, a novice DsGl (D:6)
  A spiny frog (Lair:1)
  A komodo dragon (Lair:1)
  A hornet (D:9)
  3 hippogriffs
  Prince Ribbit (D:5)
  Sigmund (D:5)
  3 hungry ghosts
  Edmund (D:3)
  Duvessa (D:5)
  A porcupine (Lair:1)
  A water moccasin (D:8)
  2 orc warriors
  Purgy (D:3)
  3 ice beasts
  3 sky beasts
  An eye of draining (D:9)
  3 phantoms
  A wolf (Lair:1)
  2 centaurs (D:7)
  5 ogres
  Blork the orc (D:5)
  A crocodile (Lair:1)
  2 big kobolds (D:9)
  A bullfrog (D:6)
  Dowan (D:5)
  2 scorpions
  3 howler monkeys (D:7)
  3 crimson imps
  A bullfrog zombie (D:9)
  3 jellies
  6 hounds
  Crazy Yiuf (D:3)
  2 centaur skeletons
  An orc priest (D:4)
  6 orc wizards
  3 bullfrog skeletons
  5 iguanas
  Natasha (twice) (D:3)
  4 worker ants
  A hound skeleton (D:7)
  4 gnolls (D:4)
  12 adders
  A river rat (D:3)
  A shadow imp (D:5)
  An ooze (D:3)
  An adder skeleton (D:9)
  4 worms
  A dart slug (D:2)
  4 leopard geckos
  19 orcs
  5 bats
  6 giant cockroaches
  5 goblins
  3 hobgoblins
  7 jackals
  4 quokkas
  2 ball pythons
  A frilled lizard (D:3)
  14 kobolds
  A leopard gecko zombie (D:8)
  7 rats
  A fungus (D:3)
194 creatures vanquished.

Vanquished Creatures (others)
  A quokka (D:6)
  A fungus (Lair:1)
  2 plants (Lair:1)
4 creatures vanquished.

Grand Total: 198 creatures vanquished

Notes
Turn   | Place    | Note
-------+----------+-------------------------------------------
     0 | D:1      | Hocus the Deep Elf Wizard began the quest for the Orb.
     0 | D:1      | Reached XP level 1. HP: 10/10 MP: 7/7
   614 | D:1      | Reached XP level 2. HP: 15/15 MP: 7/9
   621 | D:1      | Learned a level 2 spell: Blink
   728 | D:2      | Learned a level 2 spell: Call Imp
   733 | D:2      | Found a sacrificial altar of Ru.
   741 | D:2      | Became a worshipper of Ru the Awakened
   809 | D:2      | Found a faded altar of an unknown god.
   925 | D:2      | Reached skill level 1 in Short Blades
  1083 | D:2      | Reached XP level 3. HP: 19/19 MP: 7/11
  1116 | D:2      | Learned a level 3 spell: Conjure Flame
  1120 | D:2      | Learned a level 3 spell: Mephitic Cloud
  1530 | D:3      | Reached skill level 5 in Spellcasting
  1691 | D:3      | Found a runed door.
  1695 | D:3      | Noticed Crazy Yiuf
  1700 | D:3      | Killed Crazy Yiuf
  1700 | D:3      | Reached XP level 4. HP: 24/24 MP: 3/13
  1764 | D:3      | Found a sparkling altar of Nemelex Xobeh.
  1902 | D:3      | Noticed Natasha
  1923 | D:3      | Killed Natasha
  1923 | D:3      | Reached XP level 5. HP: 24/28 MP: 3/15
  1941 | D:3      | Found a shattered altar of Ashenzari.
  1949 | D:3      | Noticed Purgy
  2038 | D:3      | Killed Purgy
  2042 | D:3      | Gained mutation: You are dopey. (Int -2) [Ru sacrifice]
  2362 | D:3      | Noticed Natasha
  2370 | D:3      | Killed Natasha
  2370 | D:3      | Reached XP level 6. HP: 13/32 MP: 13/17
  3528 | D:4      | Noticed Edmund
  3594 | D:3      | Killed Edmund
  3594 | D:3      | Reached XP level 7. HP: 28/36 MP: 3/19
  3766 | D:4      | Found a staircase to the Ecumenical Temple.
  4186 | D:5      | Entered Level 5 of the Dungeon
  4238 | D:5      | Found a glowing golden altar of the Shining One.
  4290 | D:5      | Found a shimmering altar of Xom.
  4329 | D:5      | Noticed Sigmund
  4365 | D:5      | Killed Sigmund
  4625 | D:5      | Found an iron altar of Okawaru.
  4639 | D:5      | Noticed Prince Ribbit
  4735 | D:5      | Killed Prince Ribbit
  4735 | D:5      | Reached skill level 5 in Conjurations
  4735 | D:5      | Reached XP level 8. HP: 20/41 MP: 6/20
  4947 | D:5      | Noticed Duvessa
  4947 | D:5      | Noticed Dowan
  5182 | D:5      | Gained mutation: You cannot be stealthy. [Ru sacrifice]
  5182 | D:5      | Reached * piety under Ru
  5228 | D:5      | Noticed Blork the orc
  5231 | D:5      | Killed Blork the orc
  5239 | D:5      | Found a deep blue altar of Sif Muna.
  5344 | D:5      | Killed Duvessa
  5509 | D:5      | Reached skill level 5 in Short Blades
  5608 | D:5      | Found a basalt altar of Yredelemnul.
  5766 | D:6      | Noticed RedSky's ghost (novice DsGl)
  5782 | D:6      | Killed RedSky's ghost
  5782 | D:6      | Reached skill level 1 in Fighting
  5782 | D:6      | Reached skill level 5 in Dodging
  5850 | D:6      | Gained mutation: Your muscles are strong. (Str +2) [mutagenic meat]
  5851 | D:6      | Gained mutation: Your spells are a little harder to cast, but a little more powerful. [mutagenic meat]
  5852 | D:6      | Gained mutation: Your spells are harder to cast, but more powerful. [mutagenic meat]
  5853 | D:6      | Gained mutation: You are agile. (Dex +2) [mutagenic meat]
  5854 | D:6      | Lost mutation: Your muscles are strong. (Str +2) [mutagenic meat]
  5927 | D:6      | Found a white marble altar of Elyvilon.
  5957 | D:6      | Found a hide-covered altar of Uskayaw.
  6376 | D:5      | Killed Dowan
  6376 | D:5      | Reached XP level 9. HP: 45/48 MP: 15/21
  6652 | D:6      | Found Yrovuon's Magic Scroll Boutique.
  6673 | D:6      | Bought a scroll of enchant weapon for 112 gold pieces
  6673 | D:6      | Bought a scroll of blinking for 112 gold pieces
  7086 | D:7      | Noticed Joseph
  7297 | D:7      | Killed Joseph
  7803 | D:7      | Found an ancient bone altar of Kikubaaqudgha.
  8544 | D:7      | Gained mutation: You cannot train Armour skill. [Ru sacrifice]
  8544 | D:7      | Reached ** piety under Ru
  9128 | D:8      | Reached XP level 10. HP: 52/56 MP: 10/22
  9416 | D:8      | Lost mutation: You are agile. (Dex +2) [potion of mutation]
  9416 | D:8      | Lost mutation: Your spells are harder to cast, but more powerful. [potion of mutation]
  9416 | D:8      | Lost mutation: Your spells are a little harder to cast, but a little more powerful. [potion of mutation]
  9416 | D:8      | Gained mutation: You are very dopey. (Int -4) [potion of mutation]
  9416 | D:8      | Gained mutation: You possess an exceptional clarity of mind. [potion of mutation]
  9417 | D:8      | Lost mutation: You are very dopey. (Int -4) [potion of mutation]
  9417 | D:8      | Lost mutation: You possess an exceptional clarity of mind. [potion of mutation]
  9417 | D:8      | Gained mutation: You evolve. [potion of mutation]
  9417 | D:8      | Gained mutation: You have sharp fingernails. [potion of mutation]
  9417 | D:8      | Gained mutation: You have sharp toenails. [potion of mutation]
  9417 | D:8      | Gained mutation: Your natural rate of healing is unusually fast. [potion of mutation]
  9651 | D:8      | Found Entyskun's Antique Armour Boutique.
  9654 | D:8      | Bought an embroidered robe for 88 gold pieces
  9875 | D:9      | Noticed a two-headed ogre
 10210 | D:9      | Found a staircase to the Lair.
 10358 | D:9      | Gained mutation: You have a somewhat thin skeletal structure. (Dex +2, Stealth) [mutagenic meat]
 10421 | D:9      | Gained mutation: Your movements are slightly less encumbered by armour. (ER -2) [evolution]
 10478 | D:9      | Killed a two-headed ogre
 10478 | D:9      | Reached skill level 5 in Translocations
 10603 | D:9      | Found a shadowy altar of Dithmenos.
 10645 | D:9      | Found an opulent altar of Gozag.
 10713 | D:9      | Found a glowing golden altar of the Shining One.
 10716 | D:9      | Found a radiant altar of Vehumet.
 10986 | D:9      | Reached skill level 5 in Fighting
 11354 | D:9      | Noticed bombasticus's ghost (novice MiBe)
 11412 | D:10     | Entered Level 10 of the Dungeon
 11528 | D:10     | Lost mutation: You evolve. [evolution]
 11529 | D:10     | Found a shimmering altar of Xom.
 11533 | D:10     | Noticed a two-headed ogre
 11555 | D:10     | Killed a two-headed ogre
 11840 | Lair:1   | Entered Level 1 of the Lair of Beasts
 11840 | Lair:1   | Noticed a spiny frog
 11862 | Lair:1   | Killed a spiny frog
 11923 | Lair:1   | Noticed a black mamba
 11939 | Lair:1   | Killed a black mamba
 11939 | Lair:1   | Reached XP level 11. HP: 54/64 MP: 13/23
 12482 | Lair:1   | Gained mutation: You are somewhat inexperienced. (-2 XL) [Ru sacrifice]
 12482 | Lair:1   | Reached XP level 10. HP: 60/60 MP: 21/22
 12482 | Lair:1   | Reached XP level 9. HP: 55/55 MP: 21/21
 12482 | Lair:1   | Reached *** piety under Ru
 12482 | Lair:1   | Reached **** piety under Ru
 12482 | Lair:1   | Reached ***** piety under Ru
 12503 | Lair:1   | Quit the game

Vault maps used:
D:1:      evilmike_arrival_crescent
D:2:      chequers_ecumenical_altar_island, st_stairs_3,
          nicolae_ru_path_of_blood
D:3:      nicolae_overflow_crystal_walls, nemelex_xobeh_ov_fountains_minmay,
          gup_sewer_entry_bowl, first_bread, uniq_crazy_yiuf_cottage,
          uniq_purgy, uniq_natasha
D:4:      minmay_temple_entry_hall, uniq_edmund
D:5:      lemuel_crystal_altar, tgw_sif, lemuel_crystal_altar,
          kennysheep_mini_moat, basic_altar, uniq_sigmund, uniq_duvessa,
          uniq_prince_ribbit1
D:6:      serial_shops, shop, basic_altar, elyvilon_altar_4
D:7:      lemuel_doored_altar, uniq_joseph
D:8:      serial_shops, nicolae_shop_behind_doors
D:9:      overflow_temple_1_default, grunt_temple_overflow_diamond,
          dpeg_oklobed_lair, hangedman_pestilent_swarm
D:10:     basic_altar, wad_mini_maze
Lair:1:   st_stairs_7

Skill      XL: |  1  2  3  4  5  6  7  8  9 10 11 |
---------------+----------------------------------+-----
Short Blades   | 1 2 3 4 5 7 8 9 |  9.0
Conjurations   | 2 3 4 5 6 8 9 |  9.8
Spellcasting   | 5 6 |  6.8
Translocations | 2 3 4 5 |  5.2
Dodging        | 3 5 7 8 |  8.0
Stealth        | 4 0 |  0.0
Fighting       | 2 4 5 |  5.9
Summonings     | |  1.1

Action                   |  1- 3 |  4- 6 |  7- 9 | 10-12 || total
-------------------------+-------+-------+-------+-------++-------
Melee: Dagger            |    30 |    39 |    38 |   145 ||   252
 Cast: Magic Dart        |    72 |   131 |   379 |   254 ||   836
       Mephitic Cloud    |       |     2 |    25 |    10 ||    37
       Blink             |       |       |    22 |    22 ||    44
       Conjure Flame     |       |       |     5 |     5 ||    10
       Call Imp          |       |       |       |     3 ||     3
Invok: Sacrifice Purity  |       |     1 |       |       ||     1
       Sacrifice Stealth |       |       |     1 |       ||     1
       Sacrifice Durabil |       |       |     1 |       ||     1
       Sacrifice Experie |       |       |     1 |       ||     1
Evoke: Wand              |       |     2 |     3 |     4 ||     9
  Use: Scroll            |       |     3 |     7 |     6 ||    16
       Potion            |       |       |     3 |     4 ||     7
 Stab: Confused          |       |     1 |     2 |       ||     3
       Sleeping          |       |       |     1 |       ||     1
       Invisible         |       |       |       |     1 ||     1
  Eat: Chunk             |     2 |     6 |    18 |    19 ||    45
       Royal jelly       |       |       |     3 |       ||     3
       Fruit             |       |       |       |     1 ||     1
Armor: Robe              |     6 |    19 |    42 |    45 ||   112
Dodge: Dodged            |    12 |    57 |    88 |   132 ||   289

Table legend:
 A = Spawn XP
 B = Non-spawn XP
 C = Spawn XP percentage of total XP
 D = Spawn monster count
 E = Non-spawn monster count
 F = Spawn count percentage of total count
 G = Total turns spent on level
                    A         B        C        D         E        F      G
               +---------+---------+-------+---------+---------+-------+---------
         Total |       0 |   12021 |   0.0 |       0 |     193 |   0.0 | 12503
               +---------+---------+-------+---------+---------+-------+---------
           D:1 |       0 |      14 |   0.0 |       0 |       9 |   0.0 |   724
           D:2 |       0 |      32 |   0.0 |       0 |       9 |   0.0 |   761
           D:3 |       0 |     527 |   0.0 |       0 |      31 |   0.0 |  1182
           D:4 |       0 |     320 |   0.0 |       0 |      24 |   0.0 |  1658
           D:5 |       0 |    1426 |   0.0 |       0 |      22 |   0.0 |  1848
           D:6 |       0 |     921 |   0.0 |       0 |      13 |   0.0 |   906
           D:7 |       0 |    1769 |   0.0 |       0 |      21 |   0.0 |  1544
           D:8 |       0 |     786 |   0.0 |       0 |      12 |   0.0 |  1280
           D:9 |       0 |    3150 |   0.0 |       0 |      41 |   0.0 |  1651
          D:10 |       0 |    1367 |   0.0 |       0 |       4 |   0.0 |   286
        Lair:1 |       0 |    1709 |   0.0 |       0 |       7 |   0.0 |   663
               +---------+---------+-------+---------+---------+-------+---------
